 Dungeon Sprint DCSS version 0.18.1-6-gd335043 (webtiles) character file.

446 Hipnos the Geomancer (level 7, -4/36 HPs)
             Began as a Gargoyle Earth Elementalist on May 20, 2016.
             Was an Initiate of Okawaru.
             Slain by Sonja
             ... wielding a +0 short sword of distortion
              (20 damage)
             ... in the Dungeon (Sprint I: "Red Sonja").
             The game lasted 00:05:06 (554 turns).

Hipnos the Geomancer (Gargoyle Earth Elementalist)   Turns: 554, Time: 00:05:06

Health: -4/36      AC:  6    Str: 12    XL:     7   Next: 3%
Magic:  0/17       EV: 13    Int: 17    God:    Okawaru [......]
Gold:   305        SH:  0    Dex: 10    Spells: 5 memorised, 4 levels left

rFire  . . .     SeeInvis .     (no weapon)
rCold  . . .     Gourm    .     a - +0 robe
rNeg   + . .     Faith    .     (no shield)
rPois  ∞         Spirit   .     (no helmet)
rElec  +         Dismiss  .     (no cloak)
rCorr  .         Reflect  .     (no gloves)
SustAt .         Harm     .     (no boots)
MR     .....     NoTele   +     (no amulet)
Stlth  ++........               (no ring)
                                (no ring)

@: not resistant to hostile enchantments, unstealthy
A: negative energy resistance 1, electricity resistance, unbreathing,
petrification resistance, rot immunity, AC +4
a: Renounce Religion


You were in the Dungeon.
You worshipped Okawaru.
Okawaru was noncommittal.
You were not hungry.

You visited 1 branch You collected 305 gold pieces.

Inventory:

Missiles
 b - 6 stones (quivered)
Armour
 a - a +0 robe (worn)
Scrolls
 j - a scroll of blinking
 l - a scroll of amnesia {unknown}
Potions
 e - a potion of curing
 f - a potion of heal wounds
 g - a potion of haste
 h - a potion of magic
 i - a potion of berserk rage
Books
 c - a book of Geomancy

   Spells                             Type                      Level
   a - Sandblast                      Earth                        1
   b - Passwall                       Transmutation/Earth          2
   c - Stone Arrow                    Conjuration/Earth            3
   d - Petrify                        Transmutation/Earth          4
   e - Lee's Rapid Deconstruction     Earth                        5
Comestibles
 d - a bread ration
 k - 2 chunks of flesh


   Skills:
 + Level 4.5 Dodging
 - Level 2.1 Stealth
 * Level 6.6 Spellcasting
 - Level 4.5 Conjurations
 - Level 0.7 Transmutations
 * Level 12.9 Earth Magic


You had 4 spell levels left.
You knew the following spells:

 Your Spells              Type           Power        Failure   Level  Hunger
a - Sandblast             Erth           #####.       1%          1    None
b - Stone Arrow           Conj/Erth      #####.       1%          3    ##.....
c - Petrify               Trmt/Erth      ####....     10%         4    ####...
d - Lee's Rapid Deconstr  Erth           #####.....   1%          5    #####..
e - Passwall              Trmt/Erth      ####......   1%          2    None


Dungeon Overview and Level Annotations

Branches:
Dungeon (1/1)

Altars:
Elyvilon
Gozag
Kikubaaqudgha
Makhleb
Nemelex Xobeh
Okawaru
Pakellas
Qazlal
Ru
Sif Muna
Trog
Vehumet
Xom
Yredelemnul
Zin
The Shining One

Shops:
D :

Annotations:
D Sonja


Innate Abilities, Weirdness & Mutations

You are resistant to torment.
Your stone body is resilient (AC +4).
You are immune to poison.
You resist negative energy.
You are resistant to electric shocks.
You can survive without breathing.
You are immune to petrification.
You are immune to rotting.


Message History

Casting: Lee's Rapid Deconstruction
Confirm with . or Enter, or press ? or * to list all spells.
Aiming: Sandblast
Press: ? - help, Shift-Dir - straight line, f/p - Sonja
Aim: Sonja, wielding a short sword of distortion (severely wounded)
The blast of sand hits Sonja.
Sonja is almost dead.
Sonja mumbles some strange words.
Sonja looks slightly unstable.
Casting: Sandblast
Confirm with . or Enter, or press ? or * to list all spells.
Aiming: Sandblast
Press: ? - help, Shift-Dir - straight line, f/p - Sonja
Aim: Sonja, wielding a short sword of distortion (almost dead)
The blast of sand misses Sonja.
Sonja closely misses you. Sonja barely misses you.
Sonja hits you with an uncursed short sword of distortion.
Space warps horribly around you!
Ouch! That really hurt!
You die...

################
#<.#..).)#..'..#
#..'..#..'..#..+
#.)#####'#####'#
#..####..#...#(#
#..#__####..##.#
#..#_.___##K#..+
#⌠⌠#_.∩...'.@._#
####_..._##_(#'#
#_____###'#.#
####### #.###
$.$ $.$ ##.##
#+#


You could see Sonja.

Vanquished Creatures
  Sigmund (D)
  A yak (D)
  An ogre (D)
  A jelly (D)
  Ijyb (D)
5 creatures vanquished.

Vanquished Creatures (others)
  A gargoyle (D)
1 creature vanquished.

Grand Total: 6 creatures vanquished

Notes
Turn   | Place    | Note
--------------------------------------------------------------
     0 | D        | Hipnos the Gargoyle Earth Elementalist began the quest for the Orb.
     0 | D        | Reached XP level 1. HP: 10/10 MP: 3/3
     1 | D        | Noticed Ijyb
    32 | D        | Killed Ijyb
    32 | D        | Reached skill level 6 in Earth Magic
    32 | D        | Reached XP level 2. HP: 5/15 MP: 0/6
    32 | D        | Reached XP level 3. HP: 7/19 MP: 0/7
   128 | D        | Killed a gargoyle
   229 | D        | Learned a level 3 spell: Stone Arrow
   230 | D        | Noticed an ogre
   233 | D        | Killed an ogre
   233 | D        | Reached skill level 9 in Earth Magic
   233 | D        | Reached XP level 4. HP: 24/24 MP: 4/9
   277 | D        | Noticed Sigmund
   286 | D        | Killed Sigmund
   286 | D        | Reached skill level 5 in Spellcasting
   286 | D        | Reached skill level 11 in Earth Magic
   286 | D        | Reached XP level 5. HP: 15/28 MP: 7/12
   286 | D        | Reached XP level 6. HP: 17/32 MP: 7/13
   451 | D        | Learned a level 4 spell: Petrify
   457 | D        | Learned a level 5 spell: Lee's Rapid Deconstruction
   460 | D        | Learned a level 2 spell: Passwall
   460 | D        | Found a deep blue altar of Sif Muna.
   462 | D        | Found a radiant altar of Vehumet.
   470 | D        | Found Kacosmu's Book Emporium.
   470 | D        | Found a white marble altar of Elyvilon.
   470 | D        | Found a stormy altar of Qazlal.
   470 | D        | Found a burning altar of Makhleb.
   470 | D        | Found a sacrificial altar of Ru.
   470 | D        | Found an oddly glowing altar of Pakellas.
   470 | D        | Found a basalt altar of Yredelemnul.
   470 | D        | Found a glowing golden altar of the Shining One.
   470 | D        | Found a sparkling altar of Nemelex Xobeh.
   470 | D        | Found a shimmering altar of Xom.
   470 | D        | Found an opulent altar of Gozag.
   470 | D        | Found an ancient bone altar of Kikubaaqudgha.
   470 | D        | Found a glowing silver altar of Zin.
   470 | D        | Noticed a yak
   473 | D        | Killed a yak
   473 | D        | Reached skill level 12 in Earth Magic
   473 | D        | Reached XP level 7. HP: 36/36 MP: 11/17
   474 | D        | Found an iron altar of Okawaru.
   503 | D        | Found a bloodstained altar of Trog.
   508 | D        | Became a worshipper of Warmaster Okawaru
   532 | D        | Noticed Sonja
   554 | D        | Slain by Sonja

Skill      XL: |  1  2  3  4  5  6 |
---------------+-------------------+-----
Dodging        | 2 3 4 |  4.5
Spellcasting   | 3 5 6 |  6.6
Earth Magic    | 6 9 11 12 | 12.9
Conjurations   | 2 4 |  4.5
Stealth        | |  2.1
Transmutations | |  0.7

Action                   |  1- 3 |  4- 6 |  7- 9 || total
-------------------------+-------+-------+-------++-------
Melee: Unarmed           |    10 |       |     6 ||    16
 Cast: Sandblast         |    10 |     6 |     3 ||    19
       Lee's Rapid Decon |       |       |     2 ||     2
       Petrify           |       |       |     2 ||     2
  Use: Potion            |     1 |       |       ||     1
Armor: Robe              |     5 |       |     1 ||     6
Dodge: Dodged            |    12 |     3 |     7 ||    22
